 Dungeon Crawl Stone Soup version 0.30.0-5-g1a98f26d00 (webtiles) character file.

Game seed: 4336955288053991595

10311 Darkkill the Fighter (level 11, -2/105 HPs)
             Began as a Minotaur Hunter on May 9, 2023.
             Was an Initiate of Gozag.
             Slain by a death yak (12 damage)
             ... on level 8 of the Dungeon.
             The game lasted 00:20:32 (10880 turns).

Darkkill the Fighter (Minotaur Hunter)             Turns: 10880, Time: 00:20:32

Health: -2/105     AC: 19    Str: 16    XL:     11   Next: 34%
Magic:  10/10      EV: 24    Int:  6    God:    Gozag
Gold:   91         SH:  0    Dex: 25    Spells: 10/10 levels left

rFire   . . .        a - +5 shortbow (flame)
rCold   . . .        (shield currently unavailable)
rNeg    . . .        w - +5 ring mail of a volcano {*Slow rElec rPois Dex+7}
rPois   +            (helmet restricted)
rElec   +            r - +2 cloak
rCorr   .            B - +2 pair of gloves
SInv    .            i - +2 pair of boots
Will    .....        (no amulet)
Stlth   ++++         n - ring of poison resistance
HPRegen 0.37/turn    x - +5 ring of evasion
MPRegen 0.12/turn

%: slow self (1%)
@: brilliant, studying Fighting
A: horns 2, retaliatory headbutt
a: Renounce Religion, Potion Petition, Call Merchant, Bribe Branch


You were on level 8 of the Dungeon.
You worshipped Gozag.
Gozag was noncommittal.
You visited 2 branches of the dungeon, and saw 11 of its levels.
You also visited: Bailey.

You collected 837 gold pieces.
You spent 66 gold pieces at shops.
You paid 680 gold pieces to Gozag.

Inventory:

Hand Weapons
 a - a +5 shortbow of flaming (weapon)
Missiles
 m - 4 silver javelins
 p - 47 stones
 s - 9 curare-tipped darts {=f !f}
 t - 37 poisoned darts
 A - 30 javelins
Armour
 i - a +2 pair of boots (worn)
 r - a +2 cloak (worn)
 w - the +5 ring mail of a volcano (worn) {*Slow rElec rPois Dex+7}
   (You found it on level 10 of the Dungeon)

   Dex:       It affects your dexterity (+7).
   rElec:     It insulates you from electricity.
   rPois:     It protects you from poison.
   *Slow:     It may slow you when you take damage.
 B - a +2 pair of gloves (worn)
Jewellery
 n - a ring of poison resistance (left hand)
 x - a +5 ring of evasion (right hand)
Wands
 j - a wand of charming (3)
 q - a wand of digging (5)
 y - a wand of polymorph (8)
 C - a wand of iceblast (9)
Scrolls
 b - 4 scrolls of immolation
 l - 7 scrolls of fog
Potions
 d - 3 potions of might
 e - 3 potions of attraction
 f - a potion of mutation
 g - 2 potions of flight
 h - 2 potions of haste
 v - 2 potions of cancellation
 z - a potion of brilliance
 D - a potion of lignification {unknown}
Miscellaneous
 k - a condenser vane (inert)


   Skills:
 + Level 12.4 Fighting
 + Level 10.8 Ranged Weapons
 + Level 10.2 Dodging
 + Level 8.3 Stealth


You had 10 spell levels left.
You didn't know any spells.
Your spell library contained the following spells:

 Spells                   Type           Power      Damage    Failure   Level
 Apportation              Tloc           0%         N/A       67%         1
 Freeze                   Ice            0%         1d3       67%         1
 Magic Dart               Conj           0%         1d3       67%         1
 Necrotise                Necr           0%         1d4       67%         1
 Slow                     Hex            0%         N/A       67%         1
 Summon Small Mammal      Summ           0%         N/A       67%         1
 Call Imp                 Summ           0%         N/A       82%         2
 Ensorcelled Hibernation  Hex/Ice        0%         N/A       82%         2
 Poisonous Vapours        Pois/Air       0%         N/A       82%         2
 Frozen Ramparts          Ice            0%         1d1       96%         3
 Hailstorm                Conj/Ice       0%         3d3       96%         3
 Mephitic Cloud           Conj/Pois/Air  0%         N/A       96%         3
 Olgreb's Toxic Radiance  Pois           0%         N/A       100%        4
 Freezing Cloud           Conj/Ice/Air   0%         6-21      100%        5
 Summon Forest            Summ/Tloc      0%         N/A       100%        5
 Eringya's Noxious Bog    Tmut/Pois      0%         N/A       100%        6
 Summon Hydra             Summ           0%         N/A       100%        7


Dungeon Overview and Level Annotations

Branches:
Dungeon (10/15)            Temple (1/1) D:7            Lair (0/5) D:8
    Orc (0/2) D:10         Bailey (visited)

Altars:
Ashenzari
Cheibriados
Dithmenos
Elyvilon
Fedhas
Gozag
Hepliaklqana
Kikubaaqudgha
Makhleb
Nemelex Xobeh
Okawaru
Qazlal
Ru
Sif Muna
Trog
Uskayaw
Vehumet
Wu Jian
Xom
Yredelemnul
Zin
The Shining One

Shops:
D:2 =   D:3 !   D:8 =   D:9 *

Annotations:
D:7 3 runed translucent doors, SecretSquirrel's ghost, novice BaHu; mnelsen79's ghost, novice MiFi
Temple 4 transporters


Innate Abilities, Weirdness & Mutations

You have a pair of horns on your head.
You reflexively headbutt those who attack you in melee.


Message History

The death yak attacks as you move away! The death yak completely misses you.
You furiously retaliate!
You headbutt the death yak. The death yak attacks as you move away!
The death yak gores you.
* * * LOW HITPOINT WARNING * * *
The death yak is no longer distracted by gold.
The death yak barely misses you. You furiously retaliate!
You headbutt the death yak!
You feel better. The death yak misses you.
You feel better. The death yak misses you. The death yak completely misses you.
The death yak misses you. [a] - 600 gold - resistance, might and haste [b] - 120 gold - heal wounds [c] - 242 gold - curing and magic Purchase which effect?
You feel much better. The death yak misses you. You furiously retaliate!
You headbutt the death yak! The death yak gores you.
The death yak barely misses you. The death yak attacks as you move away!
The death yak barely misses you. You furiously retaliate!
You headbutt the death yak. The death yak gores you.
The death yak attacks as you move away! The death yak barely misses you.
The death yak snorts and paws the ground.
The death yak gores you. The death yak completely misses you.
You shoot an arrow. The arrow hits the death yak!
The arrow burns the death yak.
The death yak is moderately wounded.
The death yak completely misses you. You furiously retaliate!
You headbutt the death yak! The death yak gores you!
You shoot an arrow. The arrow hits the death yak.
The arrow burns the death yak.
The death yak is heavily wounded.
The death yak gores you but does no damage.
The death yak completely misses you. You furiously retaliate!
You headbutt the death yak! The death yak attacks as you move away!
The death yak misses you. You furiously retaliate!
You headbutt the death yak! You shoot an arrow. The arrow hits the death yak!
The arrow burns the death yak.
The death yak is severely wounded.
The death yak completely misses you. You furiously retaliate!
You headbutt the death yak! You shoot an arrow.
The arrow hits the death yak but does no damage.
The death yak is severely wounded.
The death yak barely misses you.
You shoot an arrow. The arrow hits the death yak.
The arrow burns the death yak.
The death yak is almost dead.
The death yak gores you.
You shoot an arrow. The arrow barely misses the death yak.
The arrow hits the death yak but does no damage.
You shoot an arrow. The arrow hits the death yak.
The arrow burns the death yak.
The death yak is lightly wounded.
The death yak barely misses you. The death yak barely misses you.
You furiously retaliate!
You headbutt the death yak. The death yak closely misses you.
You furiously retaliate!
You headbutt the death yak! The death yak attacks as you move away!
The death yak completely misses you. You furiously retaliate!
You headbutt the death yak, but do no damage.
The death yak snorts and paws the ground.
The death yak snorts and paws the ground.
The death yak attacks as you move away!
The death yak gores you but does no damage.
The death yak attacks as you move away! The death yak completely misses you.
The death yak attacks as you move away! The death yak barely misses you.
The death yak attacks as you move away! The death yak misses you.
The death yak attacks as you move away! The death yak misses you.
The death yak attacks as you move away! The death yak gores you!!
* * * LOW HITPOINT WARNING * * *
The death yak attacks as you move away! The death yak completely misses you.
You furiously retaliate!
You headbutt the death yak! The death yak attacks as you move away!
The death yak gores you.
* * * LOW HITPOINT WARNING * * *
The death yak gores you!
* * * LOW HITPOINT WARNING * * *
[a] - 576 gold - resistance, might and haste [b] - 504 gold - heal wounds, curing and haste [c] - 348 gold - brilliance and magic Purchase which effect?
You don't have enough gold for that! [a] - 576 gold - resistance, might and haste [b] - 504 gold - heal wounds, curing and haste [c] - 348 gold - brilliance and magic Purchase which effect?
You no longer have enough gold to petition Gozag for potion effects.
You feel clever all of a sudden. Magic courses through your body.
The death yak completely misses you. You furiously retaliate!
You headbutt the death yak. The death yak completely misses you.
The death yak attacks as you move away!
The death yak gores you but does no damage.
The death yak attacks as you move away! The death yak completely misses you.
You furiously retaliate!
You headbutt the death yak. The death yak attacks as you move away!
The death yak completely misses you.
There is a stone staircase leading down here.
The death yak attacks as you move away! The death yak gores you!
You die...
Your body crumbles into a pile of gold.

###........# #.....#..#
#.#.. ###........##
#........# #....
............#####...~..#.#
#.#..
#######...#.##...?..~.##.#
#.##. #
#...#.##.....~≈.##!# #.##.
# #...#.##.....~~.##.#
#.... #####...........##.#
##### #...........##.#
#.....@.....##<#
##....Y.....####
###..Y.......# #
#..Y.##.##.## ##
#..Y.#.#.#..# .#
###Y..#∩#...# Y#
#########Y.#.#.#..# $###
#......##..##.##..# ...#
#......##.........#


You could see 5 death yaks and a yak.

Vanquished Creatures
  Pikel (D:5)
  Joseph (D:8)
  A kobold demonologist (D:10)
  An unseen horror (D:10)
  2 trolls (D:10)
  A shadow (D:10)
  2 wraiths
  11 yaks
  4 steam dragons
  12 orc warriors
  3 ice beasts
  A black bear (D:4)
  5 ogres
  2 sky beasts
  16 centaurs
  A lemure (D:5)
  8 kobold brigands
  3 gnoll sergeants
  5 bullfrogs
  3 scorpions
  6 killer bees (D:8)
  A howler monkey (D:6)
  A vampire bat (D:4)
  An electric eel (D:7)
  5 jellies
  2 orc priests
  5 hounds
  3 iguanas
  An orc wizard (D:7)
  2 sleepcaps (D:6)
  14 gnolls
  2 adders (D:3)
  2 white imps
  2 worms
  4 dart slugs
  3 fire bats (D:4)
  38 orcs
  2 spectral bats (D:4)
  3 bat skeletons (D:4)
  A bat zombie (D:4)
  11 endoplasms
  4 giant cockroaches
  13 goblins
  10 hobgoblins
  4 jackals
  21 kobolds
  2 quokkas
  4 ball pythons
  13 bats
  A bat simulacrum (D:4)
  6 frilled lizards
  7 rats
277 creatures vanquished.

Vanquished Creatures (collateral kills)
  An orc warrior (D:10)
  A gnoll sergeant (D:10)
2 creatures vanquished.

Vanquished Creatures (others)
  An ogre (D:10)
  A kobold brigand (D:10)
2 creatures vanquished.

Grand Total: 281 creatures vanquished

Notes
Turn   | Place    | Note
-------+----------+-------------------------------------------
     0 | D:1      | Darkkill the Minotaur Hunter began the quest for the Orb.
     0 | D:1      | Reached XP level 1. HP: 18/18 MP: 0/0
   113 | D:1      | Reached skill level 1 in Stealth
   118 | D:1      | Reached XP level 2. HP: 22/25 MP: 1/1
  1070 | D:2      | Reached skill level 3 in Fighting
  1133 | D:2      | Reached XP level 3. HP: 31/31 MP: 2/2
  1254 | D:2      | Found Reedaxko's One-of-a-Kind Rings.
  1617 | D:3      | Reached XP level 4. HP: 25/38 MP: 3/3
  1823 | D:3      | Found Qehits's Distillery.
  1831 | D:3      | Bought a potion of curing for 33 gold pieces
  1831 | D:3      | Bought a potion of curing for 33 gold pieces
  1911 | D:3      | Found a faded altar of an unknown god.
  1937 | D:3      | Got Plato's Collected Works on Imprecation
  2054 | D:3      | Reached skill level 5 in Ranged Weapons
  2312 | D:4      | Noticed an ogre
  2315 | D:4      | Killed an ogre
  2316 | D:4      | Reached skill level 4 in Fighting
  2316 | D:4      | Reached XP level 5. HP: 46/46 MP: 4/4
  2357 | D:4      | Noticed a black bear
  2368 | D:4      | Killed a black bear
  2369 | D:4      | Reached XP level 6. HP: 34/53 MP: 5/5
  3098 | D:4      | Reached skill level 5 in Fighting
  3098 | D:4      | Reached XP level 7. HP: 20/61 MP: 6/6
  3434 | D:5      | Entered Level 5 of the Dungeon
  3488 | D:5      | Noticed Pikel
  3507 | D:5      | HP: 12/61 [Pikel/+1 whip of freezing (2)]
  3512 | D:5      | HP: 6/61 [Pikel/+1 whip of freezing (7)]
  3512 | D:5      | Killed Pikel
  3513 | D:5      | Reached skill level 6 in Fighting
  3513 | D:5      | Reached skill level 5 in Dodging
  3513 | D:5      | Reached XP level 8. HP: 6/70 MP: 7/7
  4745 | D:6      | Reached skill level 7 in Fighting
  4891 | D:6      | Reached skill level 5 in Stealth
  5311 | D:7      | Reached XP level 9. HP: 74/79 MP: 8/8
  5364 | D:7      | Found a shadowy altar of Dithmenos.
  5385 | D:7      | Found a runed translucent gate.
  5386 | D:7      | Found a runed translucent gate.
  5387 | D:7      | Found a runed translucent gate.
  5388 | D:7      | Noticed SecretSquirrel's ghost (novice BaHu)
  5388 | D:7      | Noticed mnelsen79's ghost (novice MiFi)
  6007 | D:7      | Found a staircase to the Ecumenical Temple.
  6062 | Temple   | Entered the Ecumenical Temple
  6062 | Temple   | Found a transporter.
  6062 | Temple   | Found a transporter.
  6064 | Temple   | Found a transporter.
  6064 | Temple   | Found a transporter.
  6236 | D:8      | Reached skill level 8 in Fighting
  6576 | D:8      | Noticed a death yak
  6579 | D:8      | Noticed a death yak
  6580 | D:8      | Noticed a death yak
  6614 | D:8      | Found a staircase to the Lair.
  6620 | D:8      | Noticed a death yak
  6625 | D:8      | Noticed a death yak
  6663 | D:8      | Found Cacluqev's Jewellery Shop.
  6674 | D:8      | Found a flagged portal.
  6685 | Bailey   | Entered a bailey
  7140 | Bailey   | HP: 15/82 [orc warrior/+0 halberd (13)]
  7146 | Bailey   | Reached skill level 9 in Fighting
  7146 | Bailey   | Reached XP level 10. HP: 18/91 MP: 9/9
  7793 | Bailey   | Got the Grimoire of Glacial Putridity
  8137 | D:8      | Reached skill level 10 in Fighting
  8378 | D:8      | Noticed Joseph
  8395 | D:8      | Killed Joseph
  8809 | D:8      | Reached skill level 10 in Ranged Weapons
  9020 | D:9      | Reached skill level 11 in Fighting
  9054 | D:9      | Found Doaf's Evil Emporium.
  9565 | D:10     | Entered Level 10 of the Dungeon
  9637 | D:10     | Reached XP level 11. HP: 34/102 MP: 10/10
  9850 | D:10     | Identified the +5 ring mail of a volcano {*Slow rElec rPois
                  | Dex+7}
  9924 | D:10     | Found a shimmering blue altar of Sif Muna.
  9924 | D:10     | Found an opulent altar of Gozag.
  9965 | D:10     | Became a worshipper of Gozag Ym Sagoz the Greedy
 10223 | D:10     | Reached skill level 10 in Dodging
 10474 | D:10     | Found a staircase to the Orcish Mines.
 10485 | D:10     | Reached skill level 12 in Fighting
 10841 | D:8      | HP: 18/105 [death yak (15)]
 10866 | D:8      | HP: 17/105 [death yak (19)]
 10868 | D:8      | HP: 6/105 [death yak (7)]
 10880 | D:8      | Slain by a death yak

Illustrated notes

Levels and vault maps discovered:
D:1:      minmay_arrival_four_houses, layout_basic
D:2:      layout_basic, minivault_26, nicolae_shop_unique_rings
D:3:      layout_loops_ring, serial_shops, nicolae_shop_crystal,
          shapermc_ecumenical_altar_rom_forum
D:4:      kennysheep_spiral_hall, layout_rooms, kennysheep_decorative_pillar,
          kennysheep_path_1, goddamned_bats
D:5:      layout_basic, kennysheep_generic_room_12, uniq_pikel
D:6:      layout_basic, amcnicky_mini_rare_corridor_liquid
D:7:      layout_basic, nicolae_overflow_hidden_temple,
          minmay_temple_entry_statues_fountains, gammafunk_ghost_cemetery,
          kennysheep_diamond
D:8:      layout_basic, dpeg_lair_monsters, enter_bailey_3, serial_shops,
          nicolae_shop_gaudy_bauble, uniq_joseph
D:9:      layout_irregular_city, nicolae_evil_shop
D:10:     layout_rooms, jmf_multi_god_temple,
          kennysheep_orc_monster_closet_entryway
Temple:   hellmonk_temple_divided_pantheon

Skill      XL: |  1  2  3  4  5  6  7  8  9 10 11 |
---------------+----------------------------------+-----
Stealth        | 1 2 3 4 5 6 7 8 |  8.3
Fighting       | 3 4 5 6 7 9 11 12 | 12.4
Dodging        | 3 4 5 6 8 9 10 | 10.2
Ranged Weapons | 5 6 7 9 10 | 10.8

Action                     |  1- 3 |  4- 6 |  7- 9 | 10-12 || total
---------------------------+-------+-------+-------+-------++-------
   Fire: Shortbow          |    89 |   126 |   294 |   305 ||   814
 Invoke: Potion Petition   |       |       |       |     2 ||     2
  Evoke: Wand              |       |       |     5 |    13 ||    18
         Condenser vane    |       |       |       |     1 ||     1
    Use: Scroll            |    10 |     5 |    11 |    13 ||    39
         Potion            |     1 |     1 |     3 |     2 ||     7
 Armour: Leather armour    |     9 |    52 |    29 |    43 ||   133
         Ring mail         |       |       |       |     8 ||     8
  Dodge: Dodged            |    26 |    75 |   136 |   275 ||   512

Levels and vault maps discovered:
D:1:      minmay_arrival_four_houses, layout_basic
D:2:      layout_basic, minivault_26, nicolae_shop_unique_rings
D:3:      layout_loops_ring, serial_shops, nicolae_shop_crystal,
          shapermc_ecumenical_altar_rom_forum
D:4:      kennysheep_spiral_hall, layout_rooms, kennysheep_decorative_pillar,
          kennysheep_path_1, goddamned_bats
D:5:      layout_basic, kennysheep_generic_room_12, uniq_pikel
D:6:      layout_basic, amcnicky_mini_rare_corridor_liquid
D:7:      layout_basic, nicolae_overflow_hidden_temple,
          minmay_temple_entry_statues_fountains, gammafunk_ghost_cemetery,
          kennysheep_diamond
D:8:      layout_basic, dpeg_lair_monsters, enter_bailey_3, serial_shops,
          nicolae_shop_gaudy_bauble, uniq_joseph
D:9:      layout_irregular_city, nicolae_evil_shop
D:10:     layout_rooms, jmf_multi_god_temple,
          kennysheep_orc_monster_closet_entryway
Temple:   hellmonk_temple_divided_pantheon

Table legend: (Time is in decaauts)
 A = Elapsed time spent in this place.
 B = Non-inter-level travel time spent in this place.
 C = Inter-level travel time spent in this place.
 D = Time resting spent in this place.
 E = Time spent auto-exploring this place.
 F = Levels seen in this place.
 G = Mean time per level.
                   A        B        C        D        E       F      G
               +--------+--------+--------+--------+--------+-----+--------+
         Total |  11022 |  10692 |    330 |    384 |   7921 |  12 |  918.5 |
       Dungeon |   9611 |   9281 |    330 |    177 |   7207 |  10 |  961.1 |
        Temple |     37 |     37 |      0 |      0 |      0 |   1 |   37.0 |
        Bailey |   1373 |   1373 |      0 |    207 |    713 |   1 | 1373.0 |
               +--------+--------+--------+--------+--------+-----+--------+

Top non-repeatable levels by time:
     D:8: 1438 daAuts
  Bailey: 1373 daAuts
    D:10: 1223 daAuts
     D:4: 1159 daAuts
     D:7: 996 daAuts
     D:5: 936 daAuts
     D:1: 932 daAuts
     D:6: 851 daAuts
     D:3: 744 daAuts
     D:9: 670 daAuts
     D:2: 658 daAuts
  Temple: 37 daAuts

Table legend:
 A = Kills in this place as a percentage of kills in the entire game.
 B = Kills by you in this place as a percentage of kills by you in the entire game.
 C = Kills by friends in this place as a percentage of kills by friends in the entire game.
 D = Other kills in this place as a percentage of other kills in the entire game.
 E = Experience gained in this place as a percentage of experience gained in the entire game.
 F = Experience gained in this place divided by the number of levels of this place that you have seen.
                   A       B       C       D       E      F
               +-------+-------+-------+-------+-------+----------------------
         Total | 100.0 | 100.0 | 100.0 | 100.0 | 100.0 | 1227.5
       Dungeon |  84.6 |  84.2 | 100.0 | 100.0 |  83.0 | 1222.2
        Bailey |  15.4 |  15.8 |   0.0 |   0.0 |  17.0 | 2508.0
               +-------+-------+-------+-------+-------+----------------------
